 Dungeon Crawl Stone Soup version 0.24.0-124-g2791043dd8 (webtiles) character file.

Game seed: 17081039649668172749, levelgen mode: deterministic

37 sanka the Caller (level 3, 0/30 HPs)
             Began as a Minotaur Summoner on Feb 14, 2020.
             Slain by a leopard gecko (4 damage)
             ... on level 2 of the Dungeon.
             The game lasted 00:04:15 (1211 turns).

sanka the Caller (Minotaur Summoner)                Turns: 1211, Time: 00:04:16

Health: 0/30       AC:  2    Str: 13    XL:     3   Next: 21%
Magic:  1/5        EV: 12    Int: 17    God:
Gold:   29         SH:  0    Dex: 10    Spells: 3/6 levels left

rFire    . . .     SeeInvis .   h - +0 whip
rCold    . . .     Gourm    .   (no shield)
rNeg     . . .     Faith    .   e - +0 robe (curse)
rPois    .         Spirit   .   (helmet restricted)
rElec    .         Reflect  .   (no cloak)
rCorr    .         Harm     .   (no gloves)
MR       .....                  (no boots)
Stlth    ++........             (no amulet)
HPRegen  0.10/turn              (no ring)
MPRegen  0.09/turn              (no ring)

@: brilliant, lethally poisoned (0 -> -1)
A: retaliatory headbutt, horns 2
a: no special abilities


You were on level 2 of the Dungeon.
You were not hungry.

You visited 1 branch of the dungeon, and saw 2 of its levels.

You collected 29 gold pieces.


Innate Abilities, Weirdness & Mutations

You reflexively headbutt those who attack you in melee.
You have a pair of horns on your head.


   Skills:
 + Level 2.5 Fighting
 - Level 2.1 Dodging
 - Level 1.5 Stealth
 - Level 2.0 Spellcasting
 - Level 3.0 Summonings


You had 3 spell levels left.
You knew the following spells:

 Your Spells              Type           Power        Failure   Level  Hunger
x - Call Imp              Summ           ###.....     1%          2    ###....
z - Summon Small Mammal   Summ           ###.         1%          1    #......

Your spell library contained the following spells:

 Spells                   Type           Power        Failure   Level  Hunger
 Call Canine Familiar     Summ           ###.....     2%          3    ###....
 Summon Guardian Golem    Hex/Summ       ###.....     3%          3    ###....
 Summon Ice Beast         Ice/Summ       ###.....     12%         4    #####..
 Summon Lightning Spire   Summ/Air       ###.....     12%         4    #####..

Inventory:

Hand Weapons
 h - a +0 whip (weapon)
Missiles
 n - 41 stones (quivered)
Armour
 a - a +0 robe
 e - a cursed +0 robe (worn)
 l - a cursed +0 robe
Scrolls
 d - a scroll of fear {unknown}
 f - a scroll of fog {unknown}
 g - a scroll of identify {unknown}
 k - 2 scrolls of remove curse {unknown}
Potions
 i - a potion of lignification {unknown}
 j - a potion of haste {unknown}
 m - a potion of flight {unknown}
Comestibles
 b - 2 chunks of flesh
 c - a ration

Dungeon Overview and Level Annotations

Branches:
Dungeon (2/15)

Altars:

Annotations:
D:2 Sigmund

▒.▒......▒
▒.▒.......
▒.▒.......
▒.▒.......
▒.........
▒5........
▒.{.......
▒.5......▒
▒.H▒......
▒.l▒ ....▒
▒.... ..▒▒
▒...▒▒ ▒▒
▒...▒
▒...▒
▒...▒
▒...▒


You could see a leopard gecko, a friendly crimson imp and a friendly shadow imp.


Message History

You feel sick.
Your crimson imp hits the goblin.
The goblin hits you but does no damage.
Sigmund casts a spell.
Sigmund flickers and vanishes!
Deactivating autopickup; reactivate with Ctrl-A.
Your shadow imp completely misses the goblin.
You hit the goblin but do no damage.
The goblin is moderately wounded.
The goblin barely misses you.
Your shadow imp hits the goblin.
Unknown command.
You hit the goblin.
You kill the goblin!
Okay, then.
Okay, then.
Unknown command.
Your crimson imp hits something.
Something hits you!
* * * LOW HITPOINT WARNING * * *
You see here a ration.
Okay, then.
Okay, then.
It was a potion of brilliance.
You feel clever all of a sudden.
You feel sick.
Your shadow imp hits something.
Something hits you but does no damage. The leopard gecko bites you.
You die...

Action                   || total
-------------------------++-------
Melee: Unarmed           ||    41
       Headbutt          ||    11
       Whip              ||    48
 Cast: Call Imp          ||     2
  Use: Potion            ||     1
 Stab: Sleeping          ||     3
  Eat: Chunk             ||     1
Armor: Robe              ||    27
Dodge: Dodged            ||    51

Levels and vault maps discovered:
D:1:      dpeg_arrival_tiny_i, layout_loops_corners
D:2:      layout_loops_ring, xom_redecorated, uniq_terence, uniq_sigmund

Notes
Turn   | Place    | Note
-------+----------+-------------------------------------------
     0 | D:1      | sanka the Minotaur Summoner began the quest for the Orb.
     0 | D:1      | Reached XP level 1. HP: 14/14 MP: 1/1
    33 | D:1      | Reached skill level 3 in Summonings
   245 | D:1      | Reached skill level 1 in Fighting
   245 | D:1      | Reached XP level 2. HP: 18/23 MP: 3/3
   307 | D:1      | Learned a level 2 spell: Call Imp
   985 | D:1      | Reached skill level 2 in Fighting
  1023 | D:1      | Reached skill level 2 in Spellcasting
  1202 | D:2      | Noticed Sigmund
  1204 | D:2      | Reached XP level 3. HP: 16/30 MP: 0/5
  1211 | D:2      | Slain by a leopard gecko

Vanquished Creatures
  An adder (D:2)
  An ooze (D:1)
  A dart slug (D:1)
  A leopard gecko (D:1)
  A bat (D:1)
  2 giant cockroaches (D:1)
  2 goblins
  A hobgoblin (D:1)
  2 jackals (D:1)
  A ball python (D:1)
  4 frilled lizards (D:1)
  4 kobolds (D:1)
  2 rats (D:1)
23 creatures vanquished.
